 Dungeon Sprint DCSS version 0.16.1-28-gcc2312f (webtiles) character file.

11668 Kidiri the Naga Aeon (level 11, -18/110 HPs)
             Began as a Naga Fighter on May 28, 2015.
             Was the Champion of Cheibriados.
             Demolished by an acid blob (29 damage)
             ... while paralysed by a giant eyeball
             ... in the Dungeon (Sprint V: "Ziggurat Sprint").
             The game lasted 00:15:02 (872 turns).

Kidiri the Naga Aeon (Naga Fighter)                  Turns: 872, Time: 00:15:02

Health: -18/110    AC: 24    Str: 48    XL:     11   Next: 81%
Magic:  15/28      EV:  1    Int: 24    God:    Cheibriados [******]
Gold:   0          SH:  0    Dex: 26    Spells: 0 memorised, 10 levels left

rFire  . . .     SeeInvis +     R - +7 Screaming Sword
rCold  . . .     Clarity  .     N - +15 Maxwell's patent armour {-Cast -Tele rElec MR+ rCorr} (curse)
rNeg   + . .     SustAb   .     O - +18 shield of the gong {rElec rN+ MR+ EV-5}
rPois  +         Gourm    .     (no helmet)
rElec  +         Spirit   .     (no cloak)
rCorr  +         Warding  .     (no gloves)
rMut   .         NoTele   +     (no barding)
MR     +++..     NoCast   +     (no amulet)
Stlth  +.........               H - +6 ring of strength
                                G - +6 ring of strength

@: paralysed, corroded equipment, very slightly contaminated, studying 2 skills,
very slow, extremely resistant to hostile enchantments, very unstealthy
A: spit poison, see invisible, deformed body, deterioration 1, poison
resistance, slowness 2, MP-powered wands 1, AC +3
a: Spit Poison, Bend Time, Temporal Distortion, Slouch, Step From Time, Renounce
Religion


You were in the Dungeon.
You worshipped Cheibriados.
Cheibriados was exalted by your worship.
You were not hungry.

You visited 1 branch

Inventory:

Hand weapons
 R - the +7 Screaming Sword (weapon)
   (You found it in the Dungeon)
 S - the +5 Sword of Power
   (You found it in the Dungeon)
 X - the +14 plutonium sword {Contam Stlth-}
   (You found it in the Dungeon)

   It causes magical contamination when unequipped.
   It makes you less stealthy.
Armour
 N - the cursed +15 Maxwell's patent armour (worn) {-Cast -Tele rElec MR+ rCorr}
   (You found it in the Dungeon)

   It insulates you from electricity.
   It affects your resistance to hostile enchantments.
   It prevents spellcasting.
   It prevents most forms of teleportation.
   It protects you from acid and corrosion.
   It has a curse placed upon it.
 O - the +18 shield of the gong (worn) {rElec rN+ MR+ EV-5}
   (You found it in the Dungeon)

   It affects your evasion (-5).
   It insulates you from electricity.
   It protects you from negative energy.
   It affects your resistance to hostile enchantments.
Rods
 P - a +2 rod of the swarm (12/12)
   (You found it in the Dungeon)
Jewellery
 a - an uncursed ring of ice
 b - a +4 ring of evasion
 l - a +5 ring of strength
 p - an uncursed ring of wizardry
 C - a +6 ring of dexterity
 D - a +6 ring of dexterity
 E - a +6 ring of intelligence
 F - a cursed +6 ring of intelligence
 G - a +6 ring of strength (left hand)
 H - a +6 ring of strength (right hand)
 I - a cursed ring of flight
 K - a +3 ring of intelligence
 Q - a +2 ring of protection
 T - an uncursed ring of magical power
Magical devices
 h - a wand of disintegration (7)
 j - a wand of fire (5)
 y - a wand of cold (5)
 B - a wand of draining (5)
Scrolls
 k - 4 scrolls of blinking
 r - 4 scrolls of amnesia
 s - 3 scrolls of recharging
 t - 7 scrolls of fog
 u - a scroll of holy word
 v - 5 scrolls of identify
 w - 5 scrolls of remove curse
 x - 2 scrolls of fear
 U - a scroll of brand weapon
Potions
 c - 2 potions of brilliance
 e - 6 potions of might
 f - 10 potions of curing
 g - 9 potions of heal wounds
 i - 7 potions of magic
 m - 2 potions of invisibility
 n - 2 potions of restore abilities
 o - 4 potions of resistance
 q - 5 potions of agility
Books
 J - a manual of Stealth
 L - a manual of Axes
Comestibles
 d - 5 bread rations
 z - 42 fruits
 A - 4 meat rations
 M - 3 chunks of flesh


   Skills:
 + Level 10.5 Fighting
 * Level 13.5 Long Blades
 * Level 11.8 Armour
 + Level 8.8 Stealth
 * Level 11.8 Shields
 * Level 14.3 Invocations


You had 10 spell levels left.
You didn't know any spells.

Dungeon Overview and Level Annotations

Branches:
Dungeon (1/1)

Altars:
Ashenzari
Cheibriados
Dithmenos
Elyvilon
Fedhas
Gozag
Kikubaaqudgha
Makhleb
Nemelex Xobeh
Okawaru
Qazlal
Ru
Sif Muna
Trog
Vehumet
Xom
Yredelemnul
Zin
The Shining One
Beogh
Jiyva
Lugonu


Innate Abilities, Weirdness & Mutations

You cannot wear boots.
You can spit poison.
Your serpentine skin is tough (AC +3).
You have supernaturally acute eyesight.
Armour fits poorly on your strangely shaped body.
Your system is resistant to poisons.
You cover ground very slowly.
Your body is slowly deteriorating.
You expend magic power (3 MP) to slightly strengthen your wands.


Message History

You feel somewhat more hungry. The acid blob spits acid at you.
You block the splash of acid.
GONNNNG!
The acid corrodes your equipment! The giant eyeball gazes at you.
You suddenly lose the ability to move!
The acid blob hits you!
You are splashed with acid!
The acid burns!
You resist.
The Screaming Sword shouts, "Oh, the spanking feeling of steel cutting flesh."
The acid blob and the giant eyeball are hurt by the noise.
The acid blob hits you but does no damage.
The Screaming Sword goes toot-toot!
The acid blob and the giant eyeball are hurt by the noise.
You kill the giant eyeball!
The acid blob hits you!!
* * * LOW HITPOINT WARNING * * *
You are splashed with acid!
The acid burns!
You resist.
* * * LOW HITPOINT WARNING * * *
The acid blob hits you!!
You die...

..=...|:.▓..).)||..▓..
▓..[}))"..▓....)|[..▓..
▓.........▓.........▓..
▓.........▓.........▓..
▓.........▓.........▓..
▓.........▓.........▓..
▓..▓...▓..▓...††....▓.▓
▓.....J...▓.▓.†.†.▓.▓..
▓.....@...▓.........▓▓▓
▓▓▓▓▓▓▓▓▓▓▓▓▓▓▓▓▓▓▓▓▓


You could see an acid blob.

Vanquished Creatures
  An azure jelly (D)
  A mummy priest (D)
  A jiangshi (D)
  A hydra (D)
  3 deep elf knights (D)
  A deep elf summoner (D)
  2 deep elf conjurers (D)
  A cyclops (D)
  A phantasmal warrior (D)
  An elephant (D)
  A spiny frog (D)
  A guardian mummy (D)
  3 two-headed ogres (D)
  5 slime creatures (D)
  A wraith (D)
  A yak (D)
  A deep elf fighter (D)
  A golden eye (D)
  4 deep elf magi (D)
  A wolf (D)
  A naga (D)
  3 water moccasins (D)
  2 ogres (D)
  3 phantoms (D)
  2 porcupines (D)
  A necrophage (D)
  A crocodile (D)
  A giant frog (D)
  2 jellies (D)
  3 orc priests (D)
  An orc wizard (D)
  3 hounds (D)
  An iguana (D)
  A sheep (D)
  2 mummies (D)
  3 adders (D)
  A river rat (D)
  A white imp (D)
  A giant eyeball (D)
  An adder skeleton (D)
  An adder simulacrum (D)
  3 orcs (D)
  4 ball pythons (D)
  A bat simulacrum (D)
  A bat zombie (D)
  A jackal (D)
77 creatures vanquished.

Vanquished Creatures (others)
  A spatial maelstrom (D)
1 creature vanquished.

Grand Total: 78 creatures vanquished

Notes
Turn   | Place    | Note
--------------------------------------------------------------
     0 | D        | Kidiri, the Naga Fighter, began the quest for the Orb.
     0 | D        | Reached XP level 1. HP: 21/21 MP: 1/1
     0 | D        | Found a basalt altar of Yredelemnul.
     0 | D        | Found an iron altar of Okawaru.
     2 | D        | Found a radiant altar of Vehumet.
     2 | D        | Found a shimmering altar of Xom.
     3 | D        | Banished a spatial maelstrom
     4 | D        | Found a burning altar of Makhleb.
     6 | D        | Found a deep blue altar of Sif Muna.
     7 | D        | Found a white marble altar of Elyvilon.
     8 | D        | Found a corrupted altar of Lugonu.
     8 | D        | Found a sparkling altar of Nemelex Xobeh.
     8 | D        | Found a bloodstained altar of Trog.
    10 | D        | Found a viscous altar of Jiyva.
    20 | D        | Became a worshipper of Cheibriados the Contemplative
   138 | D        | Entered arena 1.
   145 | D        | Reached XP level 2. HP: 28/28 MP: 2/2
   148 | D        | Acquired Cheibriados' first power
   157 | D        | Entered arena 2.
   157 | D        | Noticed an orc priest
   157 | D        | Noticed an orc priest
   161 | D        | Killed an orc priest
   161 | D        | Reached skill level 4 in Fighting
   161 | D        | Reached XP level 3. HP: 34/36 MP: 4/4
   163 | D        | Killed an orc priest
   163 | D        | Reached XP level 4. HP: 41/45 MP: 4/6
   173 | D        | Entered arena 3.
   173 | D        | Noticed a phantom
   173 | D        | Noticed a phantom
   173 | D        | Noticed a phantom
   173 | D        | Noticed a necrophage
   177 | D        | Killed a necrophage
   177 | D        | Acquired Cheibriados' second power
   177 | D        | Reached XP level 5. HP: 48/51 MP: 6/9
   182 | D        | Killed a phantom
   182 | D        | Reached skill level 5 in Fighting
   182 | D        | Reached skill level 5 in Long Blades
   182 | D        | Reached skill level 5 in Armour
   182 | D        | Reached skill level 5 in Shields
   182 | D        | Reached skill level 5 in Invocations
   182 | D        | Reached XP level 6. HP: 58/61 MP: 8/12
   195 | D        | Killed a phantom
   195 | D        | Reached skill level 6 in Long Blades
   197 | D        | Killed a phantom
   197 | D        | Acquired Cheibriados' third power
   197 | D        | Reached XP level 7. HP: 64/68 MP: 11/16
   208 | D        | Reached skill level 8 in Long Blades
   208 | D        | Reached XP level 8. HP: 73/78 MP: 13/19
   209 | D        | Entered arena 4.
   209 | D        | Noticed an orc wizard
   209 | D        | Noticed an orc priest
   211 | D        | Killed an orc priest
   216 | D        | Killed an orc wizard
   231 | D        | Entered arena 5.
   231 | D        | Noticed a deep elf mage
   231 | D        | Noticed a deep elf mage
   231 | D        | Noticed a deep elf fighter
   231 | D        | Noticed a deep elf knight
   231 | D        | Noticed a deep elf mage
   232 | D        | Killed a deep elf mage
   232 | D        | Acquired Cheibriados' fourth power
   232 | D        | Killed a deep elf knight
   232 | D        | Reached skill level 9 in Long Blades
   232 | D        | Killed a deep elf mage
   232 | D        | Reached XP level 9. HP: 81/86 MP: 17/22
   232 | D        | Killed a deep elf mage
   232 | D        | Reached skill level 10 in Invocations
   235 | D        | Killed a deep elf fighter
   247 | D        | Entered arena 6.
   247 | D        | Noticed a guardian mummy
   247 | D        | Noticed a mummy priest
   248 | D        | Noticed a phantasmal warrior
   248 | D        | Noticed a jiangshi
   251 | D        | Killed a jiangshi
   251 | D        | Killed a phantasmal warrior
   251 | D        | Killed a guardian mummy
   251 | D        | Reached skill level 10 in Long Blades
   254 | D        | Killed a mummy priest
   254 | D        | Reached skill level 11 in Invocations
   499 | D        | Entered arena 7.
   499 | D        | Noticed a cyclops
   499 | D        | Noticed a two-headed ogre
   499 | D        | Noticed a two-headed ogre
   499 | D        | Noticed a two-headed ogre
   499 | D        | Noticed an ogre
   499 | D        | Noticed an ogre
   501 | D        | Killed a two-headed ogre
   502 | D        | Killed a two-headed ogre
   502 | D        | Reached XP level 10. HP: 87/98 MP: 18/24
   502 | D        | Killed an ogre
   502 | D        | Killed an ogre
   502 | D        | Killed a two-headed ogre
   505 | D        | Killed a cyclops
   695 | D        | Entered arena 8.
   695 | D        | Noticed a deep elf mage
   695 | D        | Noticed a deep elf knight
   695 | D        | Noticed a deep elf summoner
   695 | D        | Noticed a deep elf conjurer
   695 | D        | Noticed a deep elf conjurer
   695 | D        | Noticed a deep elf knight
   697 | D        | Killed a deep elf knight
   697 | D        | Reached skill level 10 in Armour
   697 | D        | Reached skill level 10 in Shields
   697 | D        | Reached skill level 12 in Invocations
   697 | D        | Killed a deep elf knight
   697 | D        | Killed a deep elf conjurer
   697 | D        | Killed a deep elf mage
   697 | D        | Killed a deep elf summoner
   697 | D        | Killed a deep elf conjurer
   697 | D        | Reached skill level 13 in Invocations
   697 | D        | Reached XP level 11. HP: 91/106 MP: 20/27
   752 | D        | Entered arena 9.
   752 | D        | Noticed a water moccasin
   752 | D        | Noticed a naga
   753 | D        | Killed a water moccasin
   756 | D        | Killed a naga
   756 | D        | Reached skill level 1 in Stealth
   786 | D        | Entered arena 10.
   786 | D        | Noticed a giant frog
   786 | D        | Noticed a hound
   786 | D        | Noticed a water moccasin
   786 | D        | Noticed a spiny frog
   786 | D        | Noticed a hound
   786 | D        | Noticed a yak
   787 | D        | Killed a hound
   787 | D        | Killed a hound
   787 | D        | Killed a water moccasin
   787 | D        | Killed a giant frog
   790 | D        | Killed a spiny frog
   792 | D        | Killed a yak
   817 | D        | Gained mutation: You expend magic power (3 MP) to slightly strengthen your wands. [mutagenic glow]
   827 | D        | Entered arena 11.
   827 | D        | Noticed a water moccasin
   827 | D        | Noticed a seven-headed hydra
   827 | D        | Noticed an iguana
   827 | D        | Noticed a porcupine
   827 | D        | Noticed a porcupine
   827 | D        | Noticed a hound
   827 | D        | Noticed a wolf
   827 | D        | Noticed an elephant
   828 | D        | Noticed a crocodile
   829 | D        | Killed a wolf
   829 | D        | Killed a hound
   829 | D        | Killed a porcupine
   829 | D        | Killed a porcupine
   829 | D        | Killed a water moccasin
   829 | D        | Killed an iguana
   830 | D        | Gained mutation: Your body is slowly deteriorating. [mutagenic glow]
   832 | D        | Killed an eight-headed hydra
   832 | D        | Reached skill level 10 in Fighting
   832 | D        | Reached skill level 5 in Stealth
   832 | D        | Killed a crocodile
   834 | D        | Killed an elephant
   861 | D        | Entered arena 12.
   861 | D        | Noticed an azure jelly
   861 | D        | Noticed an acid blob
   861 | D        | Noticed a jelly
   861 | D        | Noticed a slime creature
   861 | D        | Noticed a slime creature
   861 | D        | Noticed a slime creature
   861 | D        | Noticed a jelly
   861 | D        | Paralysed by a giant eyeball for 3 turns
   863 | D        | Noticed a golden eye
   863 | D        | Noticed a slime creature
   863 | D        | Noticed a slime creature
   868 | D        | Killed a jelly
   868 | D        | Killed a jelly
   868 | D        | Killed a golden eye
   869 | D        | Killed a slime creature
   869 | D        | Killed a slime creature
   869 | D        | Killed an azure jelly
   869 | D        | Reached skill level 14 in Invocations
   869 | D        | Killed a slime creature
   869 | D        | Killed a slime creature
   869 | D        | Killed a slime creature
   869 | D        | Paralysed by a giant eyeball for 4 turns
   872 | D        | Demolished by an acid blob

Action                   |  1- 3 |  4- 6 |  7- 9 | 10-12 || total
-------------------------+-------+-------+-------+-------++-------
Melee: Double sword      |    12 |    20 |     8 |     6 ||    46
       Great sword       |       |       |       |     2 ||     2
       Triple sword      |       |       |       |     6 ||     6
Invok: Slouch            |       |       |     4 |    10 ||    14
 Abil: Spit Poison       |       |     1 |       |       ||     1
  Use: Potion            |       |       |     2 |       ||     2
  Eat: Chunk             |       |       |       |     1 ||     1
